 Dungeon Crawl Stone Soup version 0.29.1-2-gbd0b4ee654 (webtiles) character file.

Game seed: 15269471535329228159

49 MisterFreud the Covert (level 3, -2/35 HPs)
             Began as a Gnoll Delver on Nov 2, 2022.
             Slain by an adder (4 damage)
             ... on level 2 of the Dungeon.
             The game lasted 00:00:50 (473 turns).

MisterFreud the Covert (Gnoll Delver)                Turns: 473, Time: 00:00:51

Health: -2/35      AC:  3    Str: 11    XL:     3   Next: 75%
Magic:  4/4        EV: 13    Int: 11    God:
Gold:   0          SH:  0    Dex: 13    Spells: 4/4 levels left

rFire   . . .      SeeInvis .   a - +0 short sword
rCold   . . .      Faith    .   (no shield)
rNeg    . . .      Spirit   .   b - +0 leather armour
rPois   .          Reflect  .   (no helmet)
rElec   .          Harm     .   (no cloak)
rCorr   .          Rampage  .   (no gloves)
Will    .....                   (no boots)
Stlth   ++++......              (no amulet)
HPRegen 0.11/turn               (no ring)
MPRegen 0.09/turn               (no ring)

@: lethally poisoned (-2 -> -5), attractive
A: fangs 1, strong nose, distributed training
a: no special abilities


You were on level 2 of the Dungeon.
You visited 1 branch of the dungeon, and saw 5 of its levels.

Inventory:

Hand Weapons
 a - a +0 short sword (weapon)
Armour
 b - a +0 leather armour (worn)
Jewellery
 k - a +6 ring of dexterity
Wands
 g - a wand of digging (3)
 i - a wand of acid (4)
Scrolls
 c - a scroll of fog
 d - a scroll of magic mapping
 e - a scroll of fear
Potions
 f - a potion of haste
 h - a potion of attraction


   Skills:
 + Level 6.5 Fighting
 + Level 4.6 Short Blades
 + Level 1.0 Long Blades
 + Level 1.0 Axes
 + Level 1.0 Maces & Flails
 + Level 1.0 Polearms
 + Level 1.0 Staves
 + Level 1.0 Ranged Weapons
 + Level 1.0 Throwing
 + Level 1.0 Armour
 + Level 4.6 Dodging
 + Level 9.6 Stealth
 + Level 1.0 Shields
 + Level 1.0 Unarmed Combat
 + Level 1.0 Spellcasting
 + Level 0.7 Conjurations
 + Level 0.7 Hexes
 + Level 0.7 Summonings
 + Level 0.7 Necromancy
 + Level 0.7 Translocations
 + Level 0.7 Transmutations
 + Level 0.7 Fire Magic
 + Level 0.7 Ice Magic
 + Level 0.7 Air Magic
 + Level 0.7 Earth Magic
 + Level 0.7 Poison Magic
 + Level 1.0 Invocations
 + Level 1.0 Evocations


You had 4 spell levels left.
You didn't know any spells.
Your spell library was empty.

Dungeon Overview and Level Annotations

Branches:
Dungeon (6/15)
 Temple: D:4-7

Altars:


Innate Abilities, Weirdness & Mutations

You have very sharp teeth.
Your uncanny sense of smell can sniff out nearby items.
Your experience applies equally to all skills.


Message History

The kobold attacks as you move away!
The kobold hits you with a +0 short sword.
You feel sick. The hobgoblin hits you.
You closely miss the hobgoblin.
You feel sick. The adder bites you but does no damage.
The hobgoblin barely misses you. The adder barely misses you.
You hit the hobgoblin but do no damage. Your bite misses the hobgoblin.
You feel sick.
A goblin comes into view. It is wielding a +0 dagger.
The hobgoblin barely misses you. The adder misses you.
You miss the adder.
The adder is moderately wounded.
You feel sick.
You are no longer poisoned.
The hobgoblin closely misses you. The adder completely misses you.
Unknown command.
The goblin shouts!
You hit the adder but do no damage.
The adder is moderately wounded.
The adder bites you. The hobgoblin hits you.
You barely miss the adder.
The adder is moderately wounded.
The adder bites you.
* * * LOW HITPOINT WARNING * * *
You are poisoned.
The adder poisons you! The hobgoblin hits you.
* * * LOW HITPOINT WARNING * * *
You closely miss the adder. You bite the adder.
The adder is heavily wounded.
* * * LOW HITPOINT WARNING * * *
You feel sick. The adder barely misses you.
Unknown command.
Unknown command.
It was a potion of attraction.
You feel attractive to monsters.
* * * LOW HITPOINT WARNING * * *
You feel sick. The hobgoblin hits you.
* * * LOW HITPOINT WARNING * * *
The adder bites you.
You die...

... ...#.. #.!##
..#.. .. #..... ..#.#
..##.....# #...##
....#. ...##....
#...g.####.....#
...#..gg@##...## #
#....#S#S#.....## ^#
...#...#K..##...###.#
#....g..g###.#.....##
####....## #.#......#
##...# #...>....#
...#.. ##.......#
##................#
####.#....[.........


You could see an adder, 2 hobgoblins, 2 goblins, a ball python and a kobold.

Vanquished Creatures
  An iguana (D:5)
  2 adders (D:5)
  An orc (D:5)
  A bat (D:2)
  A quokka (D:5)
  A ball python (D:4)
7 creatures vanquished.

Notes
Turn   | Place    | Note
-------+----------+-------------------------------------------
     0 | D:5      | Reached skill level 9 in Stealth
     0 | D:5      | MisterFreud the Gnoll Delver began the quest for the Orb.
     0 | D:5      | Reached XP level 1. HP: 23/23 MP: 1/1
    43 | D:5      | Noticed an iguana
    45 | D:5      | Killed an iguana
    46 | D:5      | Reached XP level 2. HP: 29/29 MP: 2/2
    46 | D:5      | Reached XP level 3. HP: 35/35 MP: 3/3
    64 | D:5      | Reached skill level 1 in Invocations
   289 | D:5      | Reached skill level 1 in Long Blades
   289 | D:5      | Reached skill level 1 in Axes
   289 | D:5      | Reached skill level 1 in Maces & Flails
   289 | D:5      | Reached skill level 1 in Polearms
   289 | D:5      | Reached skill level 1 in Staves
   289 | D:5      | Reached skill level 1 in Ranged Weapons
   289 | D:5      | Reached skill level 1 in Throwing
   289 | D:5      | Reached skill level 1 in Armour
   289 | D:5      | Reached skill level 1 in Shields
   289 | D:5      | Reached skill level 1 in Unarmed Combat
   289 | D:5      | Reached skill level 1 in Spellcasting
   289 | D:5      | Reached skill level 1 in Evocations
   473 | D:2      | Slain by an adder

Illustrated notes

Levels and vault maps discovered:
D:2:      layout_rooms, kennysheep_generic_room_12
D:3:      layout_basic, shapermc_ecumenical_altar_mp_ritualfount
D:4:      kb_forest_paths, layout_cave_pools, mainiacjoe_overflow_brackets,
          gammafunk_ghost_nasty_kobolds, glass_columns_a,
          minmay_misc_feat_plants, minmay_hedge_maze, patterned_corridor
D:5:      nicolae_cairo_tiling, layout_basic,
          nicolae_concentric_dashed_squares_wild, hangedman_decor_lopped,
          uniq_grinder
D:6:      layout_cave_pools, nicolae_overflow_hallway_of_the_gods, uniq_edmund

Skill      XL: |  1  2  3 |
---------------+----------+-----
Stealth        | |  9.6
Invocations    | 1 |  1.0
Long Blades    | 1 |  1.0
Axes           | 1 |  1.0
Maces & Flails | 1 |  1.0
Polearms       | 1 |  1.0
Staves         | 1 |  1.0
Ranged Weapons | 1 |  1.0
Throwing       | 1 |  1.0
Armour         | 1 |  1.0
Shields        | 1 |  1.0
Unarmed Combat | 1 |  1.0
Spellcasting   | 1 |  1.0
Evocations     | 1 |  1.0
Fighting       | |  6.5
Short Blades   | |  4.6
Dodging        | |  4.6
Conjurations   | |  0.7
Hexes          | |  0.7
Summonings     | |  0.7
Necromancy     | |  0.7
Translocations | |  0.7
Transmutations | |  0.7
Fire Magic     | |  0.7
Ice Magic      | |  0.7
Air Magic      | |  0.7
Earth Magic    | |  0.7
Poison Magic   | |  0.7

Action                   || total
-------------------------++-------
Melee: Short sword       ||    35
       Bite              ||     2
  Use: Scroll            ||     1
       Potion            ||     1
 Stab: Sleeping          ||     4
       Distracted        ||     1
Armor: Leather armour    ||     7
Dodge: Dodged            ||    27
